 Dungeon Crawl Stone Soup version 0.27-a0-223-ge082b6e869 (webtiles) character file.

Game seed: 2474668086840424753

189859 kae the Executioner (level 18, -17/187 HPs)
             Began as a Hill Orc Fighter on Jan 29, 2021.
             Was the Champion of Qazlal.
             Demolished by an emperor scorpion (18 damage)
             ... on level 4 of the Spider Nest on Feb 1, 2021.
             The game lasted 00:34:51 (31217 turns).

kae the Executioner (Hill Orc Fighter)             Turns: 31217, Time: 00:34:51

Health: -17/187    AC: 29    Str: 31      XL:     18   Next: 59%
Magic:  0/31       EV: 25    Int: 10      God:    Qazlal [******]
Gold:   3005       SH:  8    Dex: 11 (12) Spells: 27/27 levels left

rFire    + . .     SeeInvis .   h - +9 battleaxe
rCold    . . .     Faith    .   (shield currently unavailable)
rNeg     . . .     Spirit   +   A - +7 swamp dragon scales
rPois    +         Reflect  .   M - +2 hat
rElec    .         Harm     .   l - +0 cloak of Resonance {rF+ Regen+ Str+4}
rCorr    .         Rampage  .   (no gloves)
Will     +....     Clarity  +   k - +2 pair of boots
Stlth    ..........             R - amulet of guardian spirit
HPRegen  0.81/turn              O - +4 ring of evasion
MPRegen  0.22/turn              z - +4 ring of evasion

@: protected from physical damage, studying Invocations, repel missiles
A: rugged brown scales 1, agile 1, clarity, clever 1, robust 1, no potion heal 1
a: Renounce Religion, Upheaval, Elemental Force, Disaster Area


You were on level 4 of the Spider Nest.
You worshipped Qazlal.
Qazlal was exalted by your worship.
You visited 5 branches of the dungeon, and saw 28 of its levels.
You visited the Abyss 1 time.
You also visited: Sewer, Bailey and Ice Cave.

You collected 3130 gold pieces.
You spent 125 gold pieces at shops.

Inventory:

Hand Weapons
 a - a +2 war axe
 h - a +9 battleaxe (weapon)
 v - the +4 war axe of Wuotreu {freeze, Will+}
   (You found it on level 5 of the Dungeon)

   It has been specially enchanted to freeze those struck by it, causing extra
   injury to most foes and up to half again as much damage against particularly
   susceptible opponents.
   It can also slow down cold-blooded creatures.
   It affects your willpower, your defense against some magical effects.
 Q - the +3 broad axe of Byfa {chaos, *Rage +Fly rC+ Str+2}
   (You found it on level 6 of the Lair of Beasts)

   Each time it hits an enemy it has a different, random effect.
   It affects your strength (+2).
   It protects you from cold.
   It lets you fly.
   It may make you go berserk in combat.
Armour
 k - a +2 pair of boots (worn)
 l - the +0 cloak of Resonance (worn) {rF+ Regen+ Str+4}
   (You acquired it on level 13 of the Dungeon)

   It affects your strength (+4).
   It protects you from fire.
   It increases your rate of regeneration.
 A - +7 swamp dragon scales (worn)
 M - a +2 hat (worn)
Jewellery
 b - an uncursed ring of protection from cold
 c - the ring of Shadows {Umbra +Inv Stlth+}
   (You found it in an ice cave)

   [ring of stealth]

   It lets you turn invisible.
   It makes you more stealthy.
 y - the ring of Conformity {rF+ Dex+6}
   (You found it on level 7 of the Dungeon)

   [ring of dexterity]

   It affects your dexterity (+6).
   It protects you from fire.
 z - a +4 ring of evasion (right hand)
 J - an uncursed ring of see invisible
 N - an uncursed ring of resist corrosion
 O - a +4 ring of evasion (left hand)
 R - an amulet of guardian spirit (around neck)
 X - an uncursed amulet of reflection
Wands
 i - a wand of iceblast (36)
 n - a wand of mindburst (15)
 q - a wand of digging (18)
 s - a wand of random effects (38)
 u - a wand of flame (30)
 w - a wand of paralysis (10)
 G - a wand of acid (13)
 K - a wand of charming (13)
 S - a wand of polymorph (26)
Scrolls
 d - 7 scrolls of identify
 j - 10 scrolls of enchant armour
 r - 13 scrolls of remove curse
 t - 12 scrolls of teleportation
 x - 6 scrolls of fog
 B - 4 scrolls of fear
 D - 2 scrolls of blinking
 U - 4 scrolls of enchant weapon
 W - 2 scrolls of amnesia
 Y - a scroll of magic mapping
 Z - a scroll of summoning
Potions
 e - 14 potions of curing
 f - 11 potions of attraction
 g - 5 potions of resistance
 m - 6 potions of brilliance
 o - 11 potions of heal wounds
 p - 3 potions of cancellation
 C - a potion of haste
 E - 4 potions of lignification
 F - 4 potions of flight
 H - 5 potions of ambrosia
 I - a potion of might
 L - 2 potions of magic
 P - a potion of invisibility
 T - a potion of berserk rage
Books
 V - a manual of Invocations


   Skills:
 + Level 15.7 Fighting
 + Level 22.2 Axes
 + Level 13.8 Armour
 + Level 11.1 Dodging
 - Level 3.2 Shields
 - Level 5.0 Spellcasting
 + Level 19.2 Invocations
 - Level 7.0 Evocations


You had 27 spell levels left.
You didn't know any spells.
Your spell library contained the following spells:

 Spells                   Type           Power        Failure   Level
 Animate Skeleton         Necr           4%           28%         1
 Foxfire                  Conj/Fire      8%           28%         1
 Freeze                   Ice            8%           28%         1
 Magic Dart               Conj           8%           28%         1
 Pain                     Necr           8%           28%         1
 Summon Small Mammal      Summ           8%           28%         1
 Blink                    Tloc           N/A          41%         2
 Call Imp                 Summ           2%           41%         2
 Corpse Rot               Necr/Air       N/A          41%         2
 Ensorcelled Hibernation  Hex/Ice        4%           41%         2
 Slow                     Hex            2%           41%         2
 Sublimation of Blood     Necr           1%           41%         2
 Call Canine Familiar     Summ           2%           65%         3
 Conjure Flame            Conj/Fire      2%           65%         3
 Frozen Ramparts          Ice            4%           65%         3
 Inner Flame              Hex/Fire       2%           65%         3
 Mephitic Cloud           Conj/Pois/Air  2%           65%         3
 Ozocubu's Armour         Ice            2%           65%         3
 Summon Guardian Golem    Hex/Summ       2%           65%         3
 Vampiric Draining        Necr           1%           65%         3
 Animate Dead             Necr           1%           96%         4
 Dispel Undead            Necr           2%           96%         4
 Hailstorm                Conj/Ice       2%           96%         4
 Sticky Flame             Conj/Fire      2%           96%         4
 Summon Ice Beast         Ice/Summ       2%           96%         4
 Summon Lightning Spire   Summ/Air       2%           96%         4
 Agony                    Necr           2%           100%        5
 Borgnjor's Vile Clutch   Necr/Erth      1%           100%        5
 Excruciating Wounds      Necr           1%           100%        5
 Fireball                 Conj/Fire      1%           100%        5
 Silence                  Hex/Air        1%           100%        5
 Shadow Creatures         Summ           N/A          100%        6


Dungeon Overview and Level Annotations

Branches:
Dungeon (15/15)            Temple (1/1) D:4            Lair (6/6) D:8
 Shoals (0/4) Lair:3       Spider (4/4) Lair:2        Slime (0/5) Lair:6
    Orc (2/2) D:10            Elf (0/3) Orc:2        Vaults (0/5) D:13
 Depths (0/5) D:15          Sewer (visited)          Bailey (visited)
  IceCv (visited)

Altars:
Ashenzari
Cheibriados
Dithmenos
Elyvilon
Fedhas
Gozag
Hepliaklqana
Kikubaaqudgha
Makhleb
Nemelex Xobeh
Okawaru
Qazlal
Ru
Sif Muna
Trog
Uskayaw
Vehumet
Wu Jian
Xom
Yredelemnul
Zin
The Shining One
Beogh
Lugonu

Shops:
D:10 ?(*   Orc:2 :=***[[

Portals:
Abyss: Spider:1

Annotations:
D:5 2 transporters, deyja's ghost, novice FoFi
D:10 3 runed translucent doors, Gibifur's ghost, journeyman NaIE
Lair:1 exclusion: 4 oklob plants
Spider:1 2 transporters, bmj180's ghost, adept DrCj


Innate Abilities, Weirdness & Mutations

You are partially covered in rugged brown scales. (AC +1, +3% HP)
You are agile. (Dex +2)
You possess an exceptional clarity of mind.
Your mind is acute. (Int +2)
You are robust. (+10% HP)
Potions are less effective at restoring your health.


Message History

You closely miss the hornet.
You hear an angry buzzing noise.
The emperor scorpion stings you!
* * * LOW HITPOINT WARNING * * *
You block the emperor scorpion's attack.
The emperor scorpion misses you.
The hornet is engulfed in blazing flames.
You hit the emperor scorpion but do no damage.
The emperor scorpion is severely wounded.
You slice the hornet!!
You kill the hornet!
Qazlal accepts your kill.
You slice the hornet!!
You kill the hornet!
Qazlal accepts your kill.
The emperor scorpion stings you but does no damage.
The emperor scorpion claws you!
* * * LOW HITPOINT WARNING * * *
The emperor scorpion claws you!!
You die...

≈## *#.##≈≈...†≈..††≈^#####≈..≈#
.≈###^..###.≈.##≈.†.###..##....#
≈^.≈≈≈..# ############^≈≈≈..≈≈##
≈...≈####**###***#####.≈≈≈≈.###
#≈..≈.# *,^+..,,,...*#..#...#
##≈≈.≈##***#...,,y.,*####...#
*###.(.### *,.°##○,,* ##≈.≈##
***#≈...≈##*^^#s†#,,*##...##
,.≈##^...≈#***#.@##**#≈..≈#
,≈≈≈≈≈≈^.^#####^[≈# ##≈..≈###
*##≈≈≈#...≈#.^##≈.###≈...##.##
######.≈....##..##≈...≈≈≈..##
###≈≈≈≈.≈.(...≈≈#≈≈≈...#
#####≈...^#######≈≈### #.≈≈###
#### #####


You could see an emperor scorpion (berserk) and a hornet (slow).

Vanquished Creatures
  Arachne (Spider:2)
  Jorgrun (Orc:1)
  A lich (Abyss:2)
  Rupert (D:14)
  Gastronok (Lair:3)
  Donald (Spider:3)
  A frost giant (IceCv)
  3 emperor scorpions
  4 ghost moths
  A spark wasp (Spider:4)
  4 entropy weavers
  Snorg (D:12)
  An ettin (D:15)
  Josephine (D:10)
  A blizzard demon (Abyss:2)
  A rakshasa (D:15)
  Harold (D:8)
  4 hydras
  4 boulder beetles
  A catoblepas (D:13)
  Erica (Orc:1)
  7 ogre magi
  4 centaur warriors
  26 two-headed ogres
  9 death yaks
  A tengu warrior (D:15)
  Urug (Orc:2)
  Sonja (Lair:4)
  A wretched star (Abyss:2)
  2 unseen horrors
  A deep elf archer (D:13)
  2 starcursed masses (Abyss:2)
  A wizard (D:12)
  6 orc knights
  35 wolf spiders
  An orc sorcerer (D:15)
  7 ugly things
  15 orb spiders
  A deep elf pyromancer (D:13)
  A deep elf zephyrmancer (D:13)
  A faun (shapeshifter) (D:13)
  2 cyclopes
  3 moths of wrath
  2 manticores
  A merfolk siren (Lair:3)
  13 elephants
  3 gargoyles
  An ice statue (IceCv)
  Maurice (Orc:2)
  A smoke demon (Abyss:2)
  4 black mambas
  A cane toad (shapeshifter) (D:13)
  3 centaur skeletons
  Maggie (D:7)
  4 large abominations (Abyss:2)
  7 cane toads
  A kobold demonologist (D:13)
  13 demonic crawlers
  6 komodo dragons
  A freezing wraith (D:10)
  20 polar bears
  A queen bee (D:10)
  5 trolls
  A meliai (D:10)
  43 jumping spiders
  A polar bear (shapeshifter) (D:14)
  9 hornets
  3 dream sheep (Lair:6)
  9 slime creatures
  7 blink frogs
  A meliai zombie (D:13)
  A vampire (Abyss:2)
  7 wraiths
  Sigmund (D:2)
  2 water elementals (D:14)
  3 shadows
  83 redbacks
  43 tarantellas
  81 yaks
  14 spriggans (Lair:6)
  6 wyverns
  3 basilisks
  4 small abominations (Abyss:2)
  A golden eye (shapeshifter) (D:13)
  2 neqoxecs (Abyss:2)
  Menkaure (D:4)
  3 wargs
  2 soldier ants
  An acid dragon (D:13)
  32 water moccasins
  3 ice beasts
  2 hornet zombies
  36 orc warriors
  6 sky beasts
  3 black bears
  An ogre (shapeshifter) (Abyss:2)
  4 phantoms
  40 ogres
  3 eyes of draining
  2 necrophages
  3 boggarts (Lair:6)
  15 centaurs
  44 wolves
  7 big kobolds
  22 bullfrogs
  A gnoll sergeant (D:10)
  2 wyvern skeletons
  4 scorpions
  13 wights
  32 killer bees (D:10)
  4 electric eels
  4 centaur zombies
  A bullfrog zombie (D:5)
  A quasit (D:7)
  6 hounds
  20 orc priests
  5 jellies
  3 gnoll shamans
  12 hell rats
  Ijyb (D:4)
  5 iguanas
  10 worker ants
  17 orc wizards
  A howler monkey zombie (D:5)
  12 gnolls
  22 adders
  A shadow imp (D:10)
  15 white imps
  An ufetubus (D:7)
  2 adder zombies
  An adder skeleton (D:5)
  2 worms
  7 dart slugs
  11 leopard geckos
  114 orcs
  7 bats
  10 giant cockroaches
  12 goblins
  4 hobgoblins
  11 jackals
  11 kobolds
  3 quokkas
  3 ball pythons
  9 frilled lizards
  2 jackal skeletons
  A leopard gecko skeleton (D:9)
  2 rats
1212 creatures vanquished.

Vanquished Creatures (collateral kills)
  A wolf (Lair:6)
1 creature vanquished.

Vanquished Creatures (others)
  An ogre mage (D:13)
  A white imp (Abyss:2)
  24 fungi
  68 plants
94 creatures vanquished.

Grand Total: 1307 creatures vanquished

Notes
Turn   | Place    | Note
-------+----------+-------------------------------------------
     0 | D:1      | kae the Hill Orc Fighter began the quest for the Orb.
     0 | D:1      | Reached XP level 1. HP: 19/19 MP: 1/1
     4 | D:1      | Noticed an electric eel
   159 | D:1      | Reached skill level 3 in Axes
   161 | D:1      | Reached XP level 2. HP: 21/27 MP: 2/2
   755 | D:2      | Noticed Sigmund
   793 | D:2      | Reached XP level 3. HP: 19/33 MP: 3/3
  1181 | D:2      | Reached skill level 1 in Dodging
  1188 | D:2      | Reached skill level 4 in Axes
  1203 | D:2      | Reached XP level 4. HP: 31/40 MP: 4/4
  1405 | D:2      | Killed Sigmund
  1406 | D:2      | Reached skill level 5 in Axes
  1406 | D:2      | Reached XP level 5. HP: 38/47 MP: 5/5
  1474 | D:2      | Reached XP level 6. HP: 53/53 MP: 6/6
  1886 | D:3      | Found an opulent altar of Gozag.
  2273 | D:4      | Reached skill level 5 in Fighting
  2273 | D:4      | Reached skill level 6 in Axes
  2393 | D:4      | Reached XP level 7. HP: 43/61 MP: 7/7
  2571 | D:4      | Noticed Ijyb
  2584 | D:4      | Killed Ijyb
  2905 | D:4      | Noticed Menkaure
  2911 | D:4      | HP: 3/61 [Menkaure (18)]
  2912 | D:4      | Killed Menkaure
  2913 | D:4      | Reached skill level 7 in Axes
  2913 | D:4      | Reached skill level 5 in Armour
  3491 | D:4      | Found a hazy altar of Hepliaklqana.
  3492 | D:4      | Found a shimmering altar of Xom.
  3493 | D:4      | Noticed a spectral ugly thing
  3516 | D:4      | Found a staircase to the Ecumenical Temple.
  3748 | Temple   | Entered the Ecumenical Temple
  3798 | Temple   | Became a worshipper of Qazlal Stormbringer
  3835 | D:5      | Entered Level 5 of the Dungeon
  3897 | D:5      | Reached skill level 1 in Invocations
  3910 | D:5      | Reached XP level 8. HP: 36/70 MP: 9/9
  3929 | D:5      | Found a glowing drain.
  3937 | Sewer    | Entered a sewer
  4307 | Sewer    | Reached * piety under Qazlal
  4679 | D:5      | Reached skill level 8 in Axes
  4900 | D:5      | Found a transporter.
  4900 | D:5      | Noticed deyja's ghost (novice FoFi)
  4909 | D:5      | Found a transporter.
  4912 | D:5      | Got a transparent war axe
  4917 | D:5      | Identified the +4 war axe of Wuotreu {freeze, Will+} (You
                  | found it on level 5 of the Dungeon)
  5142 | D:6      | Found a snail-covered altar of Cheibriados.
  5309 | D:6      | Reached skill level 5 in Invocations
  5344 | D:6      | Reached skill level 9 in Axes
  5344 | D:6      | Reached XP level 9. HP: 22/78 MP: 11/13
  5720 | D:6      | Found an iron altar of Okawaru.
  6136 | D:7      | Got a brightly glowing tin ring
  6162 | D:7      | Reached ** piety under Qazlal
  6238 | D:7      | Noticed Maggie
  6365 | D:7      | Killed Maggie
  6366 | D:7      | Reached skill level 10 in Axes
  6636 | D:7      | Reached XP level 10. HP: 68/86 MP: 10/15
  6712 | D:7      | Identified the ring of Conformity {rF+ Dex+6} (You found it
                  | on level 7 of the Dungeon)
  6747 | D:7      | Found a sacrificial altar of Ru.
  6747 | D:7      | Found a basalt altar of Yredelemnul.
  7097 | D:8      | Noticed Harold
  7266 | D:8      | Killed Harold
  7371 | D:8      | Found a white marble altar of Elyvilon.
  7371 | D:8      | Found a broken altar of Ashenzari.
  7373 | D:8      | Found a glowing silver altar of Zin.
  7373 | D:8      | Found an ancient bone altar of Kikubaaqudgha.
  7375 | D:8      | Found a blossoming altar of Fedhas.
  7375 | D:8      | Found a burning altar of Makhleb.
  7383 | D:8      | Reached skill level 11 in Axes
  7733 | D:8      | Found a staircase to the Lair.
  8412 | D:9      | Reached *** piety under Qazlal
  8413 | D:9      | Reached skill level 5 in Dodging
  8599 | D:9      | Reached skill level 12 in Axes
  9128 | D:10     | Entered Level 10 of the Dungeon
  9181 | D:10     | Reached skill level 13 in Axes
  9181 | D:10     | Reached XP level 11. HP: 58/94 MP: 11/17
  9246 | D:10     | Noticed a cyclops
  9249 | D:10     | Killed a cyclops
  9349 | D:10     | Noticed a boulder beetle
  9351 | D:10     | Noticed Josephine
  9362 | D:10     | Killed Josephine
  9363 | D:10     | Reached skill level 14 in Axes
  9370 | D:10     | Killed a boulder beetle
  9383 | D:10     | Reached skill level 15 in Axes
  9401 | D:10     | HP: 4/94 [orc priest/divine providence (13)]
  9529 | D:10     | Reached **** piety under Qazlal
  9747 | D:10     | Noticed a two-headed ogre
  9766 | D:10     | Killed a two-headed ogre
  9767 | D:10     | Reached skill level 16 in Axes
  9774 | D:10     | Noticed a two-headed ogre
  9784 | D:10     | Killed a two-headed ogre
  9872 | D:10     | Reached skill level 17 in Axes
  9872 | D:10     | Reached XP level 12. HP: 55/101 MP: 18/18
 10155 | D:10     | Reached ***** piety under Qazlal
 10211 | D:10     | Found a staircase to the Orcish Mines.
 10247 | D:10     | Found Caobyxats's General Store.
 10255 | D:10     | Bought a potion of degeneration for 14 gold pieces
 10283 | D:10     | Found Bucan's Antique Weapon Shoppe.
 10366 | D:10     | Found Lolau's Magic Scroll Shoppe.
 10414 | D:10     | Found a runed translucent gate.
 10415 | D:10     | Found a runed translucent gate.
 10415 | D:10     | Found a runed translucent gate.
 10415 | D:10     | Noticed Gibifur's ghost (journeyman NaIE)
 10415 | D:10     | Noticed an 11-headed hydra
 11198 | D:11     | Reached skill level 10 in Invocations
 11206 | D:11     | Reached skill level 18 in Axes
 11618 | Lair:1   | Entered Level 1 of the Lair of Beasts
 11955 | Lair:1   | Noticed a five-headed hydra
 11960 | Lair:1   | Killed a five-headed hydra
 12015 | Lair:1   | Reached skill level 19 in Axes
 12298 | Lair:1   | Paralysed by a floating eye for 4 turns
 12940 | Lair:2   | Reached skill level 1 in Evocations
 13312 | Lair:2   | Found a hole to the Spider Nest.
 13640 | Lair:3   | Reached XP level 13. HP: 99/107 MP: 21/21
 13690 | Lair:3   | Noticed Gastronok
 13713 | Lair:3   | Killed Gastronok
 14258 | Lair:3   | Reached skill level 20 in Axes
 14302 | Lair:3   | Reached skill level 5 in Evocations
 14742 | Lair:3   | Found a staircase to the Shoals.
 15202 | Lair:4   | Noticed Sonja
 15203 | Lair:4   | Cast into level 2 of the Abyss (Sonja)
 15271 | Abyss:2  | Found a corrupted altar of Lugonu.
 15372 | Abyss:2  | Noticed a blizzard demon
 15380 | Abyss:2  | Killed a blizzard demon
 15393 | Abyss:2  | Noticed a starcursed mass
 15406 | Abyss:2  | Noticed a starcursed mass
 15461 | Abyss:2  | Noticed a starcursed mass
 15535 | Abyss:2  | Noticed a lich
 15546 | Abyss:2  | Killed a lich
 15547 | Abyss:2  | Reached skill level 10 in Fighting
 15574 | Abyss:2  | HP: 2/113 [large abomination (8)]
 15582 | Lair:4   | Escaped the Abyss
 15980 | Lair:4   | Reached XP level 14. HP: 122/122 MP: 22/22
 16364 | Lair:4   | Killed Sonja
 17080 | Lair:5   | Reached skill level 10 in Armour
 17657 | Lair:6   | Entered Level 6 of the Lair of Beasts
 17676 | Lair:6   | Reached skill level 1 in Spellcasting
 17819 | Lair:6   | Found a staircase to the Slime Pits.
 17978 | Lair:6   | Reached ****** piety under Qazlal
 18212 | Lair:6   | Reached XP level 15. HP: 122/132 MP: 24/24
 18580 | Lair:6   | Got a warped broad axe
 18751 | Lair:6   | Identified the +3 broad axe of Byfa {chaos, *Rage +Fly rC+
                  | Str+2} (You found it on level 6 of the Lair of Beasts)
 19138 | D:12     | Found a flagged portal.
 19157 | Bailey   | Entered a bailey
 19509 | Bailey   | Reached skill level 5 in Spellcasting
 20135 | D:12     | Noticed Snorg
 20141 | D:12     | Killed Snorg
 20833 | D:13     | Identified a scroll of acquirement
 20833 | D:13     | Acquired a manual of Invocations
 21027 | D:13     | Found a gate to the Vaults.
 21080 | D:13     | Found a frozen archway.
 21114 | IceCv    | Entered an ice cave
 21350 | IceCv    | Gained mutation: You are occasionally teleported next to
                  | monsters. [potion of mutation]
 21350 | IceCv    | Gained mutation: You are clumsy. (Dex -2) [potion of
                  | mutation]
 21350 | IceCv    | Gained mutation: You are dopey. (Int -2) [potion of
                  | mutation]
 21350 | IceCv    | Lost mutation: You are clumsy. (Dex -2) [potion of
                  | mutation]
 21351 | IceCv    | Lost mutation: You are occasionally teleported next to
                  | monsters. [potion of mutation]
 21351 | IceCv    | Lost mutation: You are dopey. (Int -2) [potion of mutation]
 21351 | IceCv    | Gained mutation: Your mind is acute. (Int +2) [potion of
                  | mutation]
 21351 | IceCv    | Gained mutation: You are partially covered in iridescent
                  | scales. (AC +2) [potion of mutation]
 21374 | IceCv    | Lost mutation: Your mind is acute. (Int +2) [potion of
                  | mutation]
 21374 | IceCv    | Lost mutation: You are partially covered in iridescent
                  | scales. (AC +2) [potion of mutation]
 21374 | IceCv    | Gained mutation: You are agile. (Dex +2) [potion of
                  | mutation]
 21374 | IceCv    | Gained mutation: Potions are less effective at restoring
                  | your health. [potion of mutation]
 21374 | IceCv    | Gained mutation: You are partially covered in rugged brown
                  | scales. (AC +1, +3% HP) [potion of mutation]
 21407 | IceCv    | Gained mutation: You possess an exceptional clarity of
                  | mind. [potion of mutation]
 21407 | IceCv    | Gained mutation: Your mind is acute. (Int +2) [potion of
                  | mutation]
 21407 | IceCv    | Gained mutation: You are robust. (+10% HP) [potion of
                  | mutation]
 21816 | IceCv    | Noticed a frost giant
 21824 | IceCv    | Killed a frost giant
 21911 | IceCv    | Found the ring of Shadows {Umbra +Inv Stlth+}
 22231 | D:13     | Acquired the +0 cloak of Resonance {rF+ Regen+ Str+4}
 22787 | Orc:1    | Entered Level 1 of the Orcish Mines
 22808 | Orc:1    | Reached XP level 16. HP: 159/159 MP: 26/26
 22928 | Orc:2    | Entered Level 2 of the Orcish Mines
 22928 | Orc:2    | Found Tobleps's Antique Armour Shop.
 23113 | Orc:2    | Found Deubab's General Store.
 23116 | Orc:2    | Noticed Maurice
 23127 | Orc:2    | Killed Maurice
 23165 | Orc:2    | Noticed Urug
 23188 | Orc:2    | Killed Urug
 23215 | Orc:2    | Reached skill level 15 in Invocations
 23215 | Orc:2    | Paralysed by something for 3 turns
 23570 | Orc:2    | Found Limoet's Armour Emporium.
 23752 | Orc:2    | Found Gaoh's Book Emporium.
 23752 | Orc:2    | Found Gimed's General Store.
 23753 | Orc:2    | Found Enuigga's Jewellery Shop.
 23753 | Orc:2    | Found Wimu Nem's Assorted Antiques.
 23761 | Orc:2    | Bought a potion of might for 44 gold pieces
 23763 | Orc:2    | Bought a cursed ring of attention for 67 gold pieces
 23806 | Orc:2    | Found a staircase to the Elven Halls.
 23913 | Orc:1    | Noticed Jorgrun
 23924 | Orc:1    | Killed Jorgrun
 24114 | Orc:1    | Noticed Erica
 24120 | Orc:1    | Killed Erica
 24464 | D:14     | Found a roughly hewn altar of Beogh.
 24763 | D:14     | Noticed Rupert
 24763 | D:14     | Paralysed by Rupert for 3 turns
 24790 | D:14     | Killed Rupert
 24813 | D:14     | Reached skill level 21 in Axes
 25319 | D:15     | Entered Level 15 of the Dungeon
 25687 | D:15     | Found a sacrificial altar of Ru.
 25727 | D:15     | Found a staircase to the Depths.
 25843 | D:15     | Reached XP level 17. HP: 171/171 MP: 29/29
 26630 | Spider:1 | Entered Level 1 of the Spider Nest
 26631 | Spider:1 | Found a transporter.
 26655 | Spider:1 | Reached skill level 10 in Dodging
 26699 | Spider:1 | Noticed bmj180's ghost (adept DrCj)
 26715 | Spider:1 | Found a one-way gate to the infinite horrors of the Abyss.
 27652 | Spider:1 | Found a transporter.
 28022 | Spider:2 | Noticed Arachne
 28044 | Spider:2 | Killed Arachne
 28843 | Spider:3 | Noticed Donald
 28846 | Spider:3 | Reached skill level 15 in Fighting
 28862 | Spider:3 | Killed Donald
 29371 | Spider:3 | Reached XP level 18. HP: 177/180 MP: 31/31
 29901 | Spider:4 | Entered Level 4 of the Spider Nest
 29903 | Spider:4 | Upgraded the game from 0.27-a0-200-g8ba017916c to
                  | 0.27-a0-223-ge082b6e869
 29948 | Spider:3 | HP: 9/184 [poisoned by a redback]
 29953 | Spider:3 | HP: 7/184 [poisoned by a redback]
 29958 | Spider:3 | HP: 7/184 [poisoned by a redback]
 29964 | Spider:3 | HP: 8/184 [poisoned by a redback]
 30218 | Spider:4 | Reached skill level 22 in Axes
 31217 | Spider:4 | HP: 1/187 [emperor scorpion (10)]
 31217 | Spider:4 | Demolished by an emperor scorpion

Illustrated notes

Levels and vault maps discovered:
D:1:      arrival_aquarium_a, layout_rooms
D:2:      minmay_spotlight, layout_basic, uniq_sigmund
D:3:      layout_rooms, lemuel_round_altar
D:4:      layout_layer_cave, regret_index_temple_of_mockery,
          minmay_temple_entry_crystal_x, uniq_menkaure, uniq_ijyb
D:5:      layout_cave_pools, portal_sewer_entry_f, gammafunk_ghost_arena
D:6:      layout_loops_cross, kennysheep_slug_shrine, lemuel_crystal_altar
D:7:      layout_rooms, gammafunk_temple_overflow_elements, uniq_maggie
D:8:      layout_cave_pods, grunt_temple_overflow_open, lair_entry_dummy,
          minivault_21, uniq_harold
D:9:      layout_stronghold
D:10:     minmay_the_grid_net [minmay_the_grid_x, minmay_the_grid_diamond_grid,
          minmay_the_grid_minigrid_large, minmay_the_grid_pillar_ring,
          minmay_the_grid_garden, minmay_the_grid_prize_four_corners],
          layout_loops_ring, david_orc_3, gammafunk_ghost_hydra_chop,
          serial_shops, shop_statue, shop, shop_fountains, minivault_7,
          uniq_josephine
D:11:     layout_roguey
D:12:     layout_layer_cave, enter_bailey_5, hangedman_abyss_or_decor_passed,
          minmay_librarian, uniq_snorg
D:13:     layout_roguey, hangedman_vaults_entry_quadrant_bands,
          portal_ice_cave_entry_imps
D:14:     layout_basic, special_room [special_room_orc], wad_floor_pattern_1,
          chequers_serial_rivers_room_b, uniq_rupert
D:15:     hangedman_depths_entry_civil_slaughter, layout_basic,
          nicolae_water_bricks, nicolae_ru_sacrificial_ziggurat
Temple:   corrupted_temple
Lair:1:   layout_long_grid, disabler_island, grunt_megastairs_5
Lair:2:   layout_small_grid, spider_nest_entry_webs, lemuel_fruit_tree,
          grunt_megastairs_3
Lair:3:   layout_concentric_octagons, elwin_shoals_entry_rooms, serial_rivers,
          chequers_serial_rivers_small_a, chequers_serial_rivers_room_a,
          chequers_serial_rivers_large_a, chequers_serial_rivers_micro_d,
          chequers_serial_rivers_large_b, chequers_serial_rivers_marsh,
          infiniplex_staircase_pool, uniq_gastronok
Lair:4:   lemuel_reptile_caves, layout_regular_city, beast_lair_carwin_6,
          serial_bayou_shore_a, grunt_megastairs_2, uniq_sonja
Lair:5:   layout_roguey
Lair:6:   minmay_lair_end_enchanted_forest, layout_regular_city, slime_dummy
Spider:1: layout_chambers, gammafunk_ghost_abyssal_escape
Spider:2: layout_spider_delve, nicolae_arachne_temple
Spider:3: layout_spider_delve, drop_trap, uniq_donald
Spider:4: spider_rune_water, drop_trap
Orc:1:    layout_caves, uniq_erica, uniq_jorgrun
Orc:2:    st_orc_ogre_mass, layout_caves, serial_shops, shop, shop, shop,
          uniq_urug, uniq_maurice

Skill      XL: |  1  2  3  4  5  6  7  8  9 10 11 12 13 14 15 16 17 18 |
---------------+-------------------------------------------------------+-----
Axes           | 3 4 5 6 7 9 10 13 17 19 20 21 22 | 22.2
Fighting       | 4 5 6 7 8 10 12 14 15 | 15.7
Dodging        | 1 2 3 4 5 7 8 9 10 11 | 11.1
Armour         | 4 5 6 8 10 11 12 13 | 13.8
Invocations    | 2 5 7 9 11 12 14 16 18 19 | 19.2
Evocations     | 2 7 |  7.0
Spellcasting   | 4 5 |  5.0
Shields        | |  3.2

Action                   |  1- 3 |  4- 6 |  7- 9 | 10-12 | 13-15 | 16-18 || total
-------------------------+-------+-------+-------+-------+-------+-------++-------
Melee: War axe           |   105 |   106 |   259 |    51 |       |       ||   521
       Battleaxe         |       |       |       |   464 |  1028 |  1029 ||  2521
Invok: Upheaval          |       |       |     2 |     6 |    18 |     1 ||    27
Evoke: Wand              |       |       |     5 |       |     3 |     3 ||    11
  Use: Scroll            |     3 |    10 |     6 |    19 |    24 |     4 ||    66
       Potion            |       |     1 |       |     3 |     6 |       ||    10
Armor: Scale mail        |    49 |    56 |    96 |       |       |       ||   201
       Swamp dragon scal |       |       |    10 |   110 |   171 |   311 ||   602
Dodge: Dodged            |    50 |    37 |   109 |   358 |   571 |   967 ||  2092
       Repelled          |       |       |       |       |     9 |     5 ||    14
Block: Kite shield       |    64 |    57 |   150 |    37 |       |       ||   308
       Other             |       |       |       |    78 |   259 |   400 ||   737

Table legend: (Time is in decaauts)
 A = Elapsed time spent in this place.
 B = Non-inter-level travel time spent in this place.
 C = Inter-level travel time spent in this place.
 D = Time resting spent in this place.
 E = Time spent auto-exploring this place.
 F = Levels seen in this place.
 G = Mean time per level.
                   A        B        C        D        E       F      G
               +--------+--------+--------+--------+--------+-----+--------+
         Total |  31022 |  29204 |   1818 |   2565 |  21106 |  32 |  969.4 |
       Dungeon |  15315 |  14260 |   1055 |    706 |  11054 |  15 | 1021.0 |
        Temple |     66 |     52 |     14 |      0 |     31 |   1 |   66.0 |
          Lair |   6961 |   6493 |    468 |    663 |   4870 |   6 | 1160.2 |
   Spider Nest |   4435 |   4305 |    130 |    633 |   2889 |   4 | 1108.8 |
  Orcish Mines |   1445 |   1296 |    149 |    173 |    828 |   2 |  722.5 |
         Abyss |    356 |    356 |      0 |     99 |    100 |   1 |  356.0 |
         Sewer |    837 |    837 |      0 |    255 |    256 |   1 |  837.0 |
        Bailey |    548 |    548 |      0 |     36 |    364 |   1 |  548.0 |
      Ice Cave |   1056 |   1056 |      0 |      0 |    713 |   1 | 1056.0 |
               +--------+--------+--------+--------+--------+-----+--------+

Top non-repeatable levels by time:
  Lair:3: 1864 daAuts
    D:10: 1630 daAuts
     D:4: 1547 daAuts
  Lair:1: 1408 daAuts
Spider:1: 1348 daAuts
    D:12: 1241 daAuts
     D:6: 1227 daAuts
  Lair:4: 1193 daAuts
     D:9: 1145 daAuts
Spider:3: 1142 daAuts
  Lair:6: 1114 daAuts
     D:2: 1069 daAuts
   IceCv: 1056 daAuts
Spider:2: 1046 daAuts
     D:8: 1028 daAuts
